 Dungeon Crawl Stone Soup version 0.28.0-53-g5a82cb258f (webtiles) character file.

Game seed: 9317036517649951130

66 pkoi the Conjurer (level 3, -3/26 HPs)
             Began as a Demigod Conjurer on May 20, 2022.
             Slain by a gnoll
             ... wielding a +0 flail
              (9 damage)
             ... on level 3 of the Dungeon.
             The game lasted 00:02:15 (2976 turns).

pkoi the Conjurer (Demigod Conjurer)                Turns: 2976, Time: 00:02:16

Health: -3/26      AC:  4    Str:  8    XL:     3   Next: 69%
Magic:  3/9        EV: 12    Int: 24    God:
Gold:   65         SH:  0    Dex: 12    Spells: 3/6 levels left

rFire   . . .      SeeInvis .   k - +2 whip (freeze)
rCold   . . .      Faith    .   (no shield)
rNeg    . . .      Spirit   .   a - +1 robe
rPois   .          Reflect  .   (no helmet)
rElec   .          Harm     .   g - +0 cloak
rCorr   .          Rampage  .   (no gloves)
Will    .....                   (no boots)
Stlth   ++........              (no amulet)
HPRegen 0.08/turn               (no ring)
MPRegen 0.11/turn               (no ring)

@: no status effects
A: high MP 1, forlorn, divine attributes
a: no special abilities


You were on level 3 of the Dungeon.
You visited 1 branch of the dungeon, and saw 3 of its levels.

You collected 65 gold pieces.

Inventory:

Hand Weapons
 b - a +0 dagger
 d - a +0 vorpal mace
 k - a +2 whip of freezing (weapon)
Armour
 a - a +1 robe (worn)
 g - a +0 cloak (worn)
Wands
 e - a wand of paralysis (3)
 j - a wand of acid (7)
Scrolls
 f - a scroll of identify
 i - a scroll of blinking
Potions
 c - a potion of mutation {unknown}
 h - a potion of invisibility


   Skills:
 - Level 1.7 Dodging
 - Level 1.7 Stealth
 + Level 2.4 Spellcasting
 * Level 4.6 Conjurations


You had 3 spell levels left.
You knew the following spells:

 Your Spells              Type           Power      Damage    Failure   Level
a - Magic Dart            Conj           100%       1d8       1%          1
b - Searing Ray           Conj           50%        2d6       2%          2

Your spell library contained the following spells:

 Spells                   Type           Power      Damage    Failure   Level
 Slow                     Hex            8%         N/A       12%         1
 Dazzling Flash           Conj/Hex       28%        N/A       13%         3
 Confusing Touch          Hex            2%         N/A       34%         3
 Vampiric Draining        Necr           2%         2d6       34%         3
 Fulminant Prism          Conj/Hex       7%         3d7       41%         4
 Iskenderun's Mystic Bla  Conj/Tloc      14%        2d5       41%         4


Dungeon Overview and Level Annotations

Branches:
Dungeon (3/15)


Innate Abilities, Weirdness & Mutations

You have an increased reservoir of magic. (+10% MP)
You shall have no god before yourself.
Your divine heritage dramatically boosts your attributes as you level up.


Message History

You are too injured to fight recklessly!
You are too injured to fight recklessly!
Aiming: Magic Dart (safe; 1% risk of failure)
Press: ? - help, Q - select action, (/) - cycle Shift-Dir - straight line, f - hobgoblin
Aim: a hobgoblin (100% to hit)
The magic dart hits the hobgoblin.
The hobgoblin is heavily wounded.
Unknown command.
Aiming: Magic Dart (safe; 1% risk of failure)
Press: ? - help, Q - select action, (/) - cycle Shift-Dir - straight line, f/p - hobgoblin
Aim: a hobgoblin (heavily wounded, 100% to hit)
The magic dart hits the hobgoblin.
You kill the hobgoblin!
Unknown command.
You start resting.
A gnoll is nearby!
A gnoll is nearby!
A gnoll is nearby!
You hear the rusting of a very distant drain.
You start resting.
A gnoll is nearby!
The gnoll shouts!
You hit the gnoll. You freeze the gnoll.
The gnoll is moderately wounded.
The gnoll closely misses you. The gnoll barely misses you.
You hit the gnoll. You freeze the gnoll.
The gnoll is moderately wounded.
The gnoll hits you with a +0 flail.
* * * LOW HITPOINT WARNING * * *
You closely miss the gnoll.
The gnoll is moderately wounded.
The gnoll misses you.
You hit the gnoll. You freeze the gnoll.
The gnoll is severely wounded.
The gnoll hits you with a +0 flail!
* * * LOW HITPOINT WARNING * * *
You hit the gnoll. You freeze the gnoll.
The gnoll is almost dead.
The gnoll hits you with a +0 flail!
You die...

###.#### #.... g.#
#.# #...###..# ##.##
#........#
##<#.######........#
#.###.....#..#.##.##
##.#.####......##.#
##.## ###.......#
### ##g####.#
#.@....# ########


You could see a gnoll.

Vanquished Creatures
  2 gnolls (D:3)
  A worm (D:3)
  2 dart slugs (D:1)
  7 endoplasms
  A giant cockroach (D:2)
  4 goblins
  A hobgoblin (D:3)
  2 jackals (D:3)
  5 quokkas
  6 ball pythons
  2 bats
  2 frilled lizards
  A kobold (D:3)
  3 rats
39 creatures vanquished.

Notes
Turn   | Place    | Note
-------+----------+-------------------------------------------
     0 | D:1      | pkoi the Demigod Conjurer began the quest for the Orb.
     0 | D:1      | Reached XP level 1. HP: 14/14 MP: 5/5
   365 | D:1      | Reached skill level 4 in Conjurations
   365 | D:1      | Reached XP level 2. HP: 18/20 MP: 0/7
  2108 | D:2      | Reached XP level 3. HP: 26/26 MP: 5/9
  2793 | D:2      | Learned a level 2 spell: Searing Ray
  2976 | D:3      | Slain by a gnoll

Illustrated notes

Levels and vault maps discovered:
D:1:      ncdulo_wetmaze, layout_basic, serial_corexii_hall,
          corexii_hall_statues_l, corexii_hall_statues_i,
          minmay_misc_feat_nine_boxes
D:2:      layout_basic, nicolae_ecumenical_snake_handling
D:3:      layout_loops_cross, portal_sewer_entry_d,
          ebering_dispersal_statue_hall

Skill      XL: |  1 |
---------------+----+-----
Spellcasting   | 2 |  2.4
Conjurations   | 4 |  4.6
Dodging        | |  1.7
Stealth        | |  1.7

Action                   || total
-------------------------++-------
Melee: Dagger            ||     3
       Mace              ||     3
       Whip              ||     5
 Cast: Magic Dart        ||    89
       Searing Ray       ||     1
  Use: Scroll            ||     4
Armor: Robe              ||     5
Dodge: Dodged            ||    12
